 Dungeon Crawl Stone Soup version 0.31.0-9-g3a7656b989 (webtiles) character file.

Game seed: 15352480077132469197

366 MacCMillion the Trooper (level 6, 0/56 HPs)
             Began as a Hill Orc Fighter on Jan 25, 2024.
             Slain by a river rat (2 damage)
             ... in a sewer.
             The game lasted 00:05:56 (3026 turns).

MacCMillion the Trooper (Hill Orc Fighter)          Turns: 3026, Time: 00:05:56

Health: 0/56       AC:  9    Str: 21    XL:     6   Next: 68%
Magic:  6/6        EV:  8    Int:  8    God:
Gold:   213        SH:  4    Dex: 10    Spells: 5/5 levels left

rFire   . . .        a - +0 war axe
rCold   . . .        c - +0 buckler
rNeg    . . .        e - +0 chain mail
rPois   .            (no helmet)
rElec   .            (no cloak)
rCorr   .            (no gloves)
SInv    .            (no boots)
Will    .....        (no amulet) Stlth
                     (no ring)
HPRegen 0.29/turn    (no ring)
MPRegen 0.10/turn

%: no passive effects
@: mighty
A: no striking features
a: no special abilities


You were in a sewer.
You visited 1 branch of the dungeon, and saw 4 of its levels.
You also visited: Sewer.

You collected 213 gold pieces.

Inventory:

Hand Weapons
 a - a +0 war axe (weapon)
Armour
 c - a +0 buckler (worn)
 e - a +0 chain mail (worn)
Wands
 o - a wand of mindburst (5)
Scrolls
 h - a scroll of noise {unknown}
 i - 3 scrolls of vulnerability {unknown}
 j - a scroll of enchant weapon {unknown}
 l - a scroll of acquirement {unknown}
 m - a scroll of revelation {unknown}
 n - 2 scrolls of teleportation {unknown}
 p - a scroll of blinking {unknown}
 q - a scroll of identify {unknown}
Potions
 b - a potion of lignification {unknown}
 f - a potion of degeneration {unknown}
 g - a potion of heal wounds {unknown}
 k - 2 potions of curing {unknown}


   Skills:
 + Level 5.4 Fighting
 + Level 5.0 Axes
 + Level 4.9 Armour
 + Level 4.8 Shields


You had 5 spell levels left.
You didn't know any spells.
Your spell library was empty.

Dungeon Overview and Level Annotations

Branches:
Dungeon (4/15)              Sewer (1/1)
 Temple: D:4-7

Altars:
Ashenzari
Makhleb
Qazlal


Message History

A rat comes into view.
The river rat barely misses you. The river rat bites you!
* * * LOW HITPOINT WARNING * * *
The river rat closely misses you.
The rat squeaks loudly.
You slash the river rat!
You kill the river rat!
You closely miss the river rat. You barely miss the river rat.
You hear an angry hiss.
The river rat bites you but does no damage.
A rat comes into view.
A river rat comes into view.
The river rat bites you but does no damage.
The river rat bites you.
* * * LOW HITPOINT WARNING * * *
The rat bites you.
* * * LOW HITPOINT WARNING * * *
The rat moves out of view.
You hear a loud squeak.
The river rat squeaks loudly.
Your Axes skill increases to level 5!
You hit the river rat.
The river rat is almost dead.
You barely miss the rat. You closely miss the river rat.
You hear a loud squeak. x2
The river rat bites you but does no damage.
The rat barely misses you. The river rat bites you.
* * * LOW HITPOINT WARNING * * *
You slash the river rat!
You kill the river rat!
You barely miss the rat. You hit the river rat but do no damage.
A river rat comes into view.
The rat bites you but does no damage. The river rat barely misses you.
You barely miss the river rat.
The river rat is severely wounded.
You slash the rat!
You kill the rat!
The river rat bites you!
* * * LOW HITPOINT WARNING * * *
A rat comes into view.
The river rat bites you.
You die...

~≈≈≈≈~..###.#
~≈≈≈~~...#..#
≈≈≈≈≈~.....##
~≈≈≈~.r....#
.≈~≈~.....##
...~~~......##
...≈≈........##
...≈~.r..r..Jr##
..~~~~...†..#@†#
..~~~~.....###.#
...~~......###∩#
..~≈≈~...††.####
#.~~≈≈~.....##
#..~≈~~~.....#
.~≈~≈≈~~.....##
.~≈≈≈~≈.......#
..≈≈≈≈~.......#


You could see 3 river rats, an endoplasm and a rat.

Vanquished Creatures
  A kobold brigand (Sewer)
  A sleepcap (D:4)
  4 gnolls (D:2)
  6 adders
  7 river rats
  3 ribbon worms
  3 dart slugs
  An orc (D:3)
  8 ball pythons
  9 endoplasms
  5 giant cockroaches
  6 goblins
  7 hobgoblins
  10 jackals
  12 kobolds
  6 quokkas
  2 bats (D:1)
  5 frilled lizards
  15 rats
111 creatures vanquished.

Notes
Turn   | Place    | Note
-------+----------+-------------------------------------------
     0 | D:1      | MacCMillion the Hill Orc Fighter began the quest for the
                  | Orb.
     0 | D:1      | Reached XP level 1. HP: 19/19 MP: 1/1
    87 | D:1      | Reached XP level 2. HP: 27/27 MP: 2/2
   623 | D:1      | Reached XP level 3. HP: 33/33 MP: 3/3
  1386 | D:2      | Reached XP level 4. HP: 39/40 MP: 4/4
  1647 | D:2      | Reached XP level 5. HP: 47/47 MP: 5/5
  1917 | D:3      | Found a faded altar of an unknown god.
  2220 | D:3      | Found a broken altar of Ashenzari.
  2423 | D:3      | Found a stormy altar of Qazlal.
  2556 | D:3      | Found a burning altar of Makhleb.
  2621 | D:4      | Reached skill level 5 in Fighting
  2791 | D:4      | Reached XP level 6. HP: 56/56 MP: 6/6
  2854 | D:4      | Found a glowing drain.
  2858 | Sewer    | Entered a sewer
  3024 | Sewer    | Reached skill level 5 in Axes
  3026 | Sewer    | HP: 2/56 [river rat (8)]
  3026 | Sewer    | Slain by a river rat

Illustrated notes

Levels and vault maps discovered:
D:1:      dpeg_arrival_court, layout_basic, st_stairs_10
D:2:      layout_basic
D:3:      layout_rooms, mainiacjoe_overflow_brackets,
          nicolae_overflow_crystal_walls, mainiacjoe_overflow_alcove_4,
          basic_ecumenical_altar, minmay_misc_feat_x, minmay_distorted
D:4:      minmay_razor_zed, layout_loops_corners, gup_sewer_entry_spiral
Sewer:    sewer_minmay_treatment

Skill      XL: |  1  2  3  4  5  6 |
---------------+-------------------+-----
Axes           | 3 4 5 |  5.0
Fighting       | 4 5 |  5.4
Armour         | 4 |  4.9
Shields        | 4 |  4.8

Action                     |  1- 3 |  4- 6 || total
---------------------------+-------+-------++-------
  Melee: War axe           |   102 |   209 ||   311
    Use: Potion            |       |     1 ||     1
 Armour: Chain mail        |    77 |   166 ||   243
         Scale mail        |     7 |       ||     7
  Dodge: Dodged            |    44 |    73 ||   117
  Block: Buckler           |    21 |    37 ||    58
